 Dungeon Crawl Stone Soup version 0.23-a0-814-g91b4073 (webtiles) character file.

43 elrod the Slasher (level 3, -5/29 HPs)
             Began as a Human Berserker on Jan 20, 2019.
             Was a Believer of Trog.
             Slain by a hippogriff (6 damage)
             ... on level 2 of the Dungeon on Jan 21, 2019.
             The game lasted 00:06:41 (1107 turns).

elrod the Slasher (Human Berserker)                 Turns: 1107, Time: 00:06:42

Health: -5/29      AC:  6    Str: 18    XL:     3   Next: 82%
Magic:  3/3        EV: 11    Int:  7    God:    Trog [**....]
Gold:   129        SH:  0    Dex: 12    Spells: 2/2 levels left

rFire    . . .     SeeInvis .   a - +1 falchion
rCold    . . .     Gourm    .   (no shield)
rNeg     . . .     Faith    .   l - +0 ring mail
rPois    .         Spirit   .   (no helmet)
rElec    .         Reflect  .   (no cloak)
rCorr    .         Harm     .   i - +0 pair of gloves
MR       .....                  (no boots)
Stlth    +.........             (no amulet)
HPRegen  0.09/turn              (no ring)
MPRegen  0.08/turn              (no ring)

@: no status effects
A: no striking features
a: Berserk, Trog's Hand, Renounce Religion


You were on level 2 of the Dungeon.
You worshipped Trog.
Trog was pleased with you.
You were not hungry.

You visited 1 branch of the dungeon, and saw 2 of its levels.

You collected 129 gold pieces.

Inventory:

Hand Weapons
 a - a +1 falchion (weapon)
 k - a cursed +0 dagger
Missiles
 j - 15 poisoned needles
Armour
 b - a +0 animal skin
 i - a +0 pair of gloves (worn)
 l - a +0 ring mail (worn)
Potions
 f - 2 potions of haste
 g - a potion of lignification {unknown}
 h - 3 potions of curing
Comestibles
 c - 2 rations


   Skills:
 + Level 3.5 Fighting
 + Level 3.6 Long Blades
 + Level 2.1 Armour
 + Level 2.3 Dodging


You had 2 spell levels left.
You didn't know any spells.
Your spell library was empty.

Dungeon Overview and Level Annotations

Branches:
Dungeon (2/15)

Altars:


Message History

You slash the hippogriff!
The hippogriff is moderately wounded.
The hippogriff barely misses you.
You riposte.
You hit the hippogriff but do no damage.
The hippogriff is moderately wounded.
The hippogriff misses you. The hippogriff claws you.
You completely miss the hippogriff.
The hippogriff is moderately wounded.
The hippogriff bites you. The hippogriff pecks you. The hippogriff claws you!
* * * LOW HITPOINT WARNING * * *
You hit the hippogriff but do no damage.
The hippogriff is moderately wounded.
The hippogriff bites you but does no damage.
The hippogriff pecks you but does no damage.
The hippogriff claws you.
* * * LOW HITPOINT WARNING * * *
You hit the hippogriff.
The hippogriff is moderately wounded.
The hippogriff bites you.
You die...

.. #. .....#. #.##.#
....... #>.... .......
.##...##.....# ####
.......<##.# ...#
#....#.#.##.###
#..##..##..........# .##
#...H###.........(# ....
#.@..............#
.....##.#####..........#
.......................##
.####.#.########.........
#....†.## #.##....##
#.####..## #.###.#... #.
##..###...#.#.## #
##............#
###......))..#


You could see a hippogriff.

Vanquished Creatures
  A dart slug (D:1)
  3 giant cockroaches (D:1)
  5 goblins
  8 hobgoblins
  4 jackals (D:1)
  3 kobolds (D:1)
  A quokka (D:2)
  6 bats (D:1)
  A frilled lizard (D:1)
  3 rats
35 creatures vanquished.

Notes
Turn   | Place    | Note
-------+----------+-------------------------------------------
     0 | D:1      | elrod the Human Berserker began the quest for the Orb.
     0 | D:1      | Reached XP level 1. HP: 18/18 MP: 1/1
    49 | D:1      | Reached XP level 2. HP: 10/24 MP: 2/2
   509 | D:1      | Reached XP level 3. HP: 28/29 MP: 3/3
   641 | D:1      | Reached ** piety under Trog
  1046 | D:2      | Upgraded the game from 0.23-a0-808-gd21de94 to
                  | 0.23-a0-814-g91b4073
  1099 | D:2      | Noticed a hippogriff
  1106 | D:2      | HP: 1/29 [hippogriff (1)]
  1107 | D:2      | Slain by a hippogriff

Vault maps used:
D:1:      beargit_arrival_greenhouse, grunt_decor_fettered, minmay_pentomino_r4

Action                   || total
-------------------------++-------
Melee: Falchion          ||    98
  Use: Scroll            ||     5
  Eat: Ration            ||     1
Armor: Animal skin       ||    31
       Ring mail         ||     6
Dodge: Dodged            ||    90
       Rpst.: Falchion   ||    24

Table legend:
 A = Non-vault XP
 B = Vault XP
 C = Vault XP percentage of total XP
 D = Non-vault monster count
 E = Vault monster count
 F = Vault count percentage of total count
                 A         B        C        D         E       F
            +---------+---------+-------+---------+---------+-------
      Total |      56 |       6 |   9.7 |      31 |       4 |  11.4
            +---------+---------+-------+---------+---------+-------
        D:1 |      50 |       6 |  10.7 |      27 |       4 |  12.9
        D:2 |       6 |       0 |   0.0 |       4 |       0 |   0.0
            +---------+---------+-------+---------+---------+-------
